 Dungeon Crawl Stone Soup version 0.22-a0-799-g88f5e90 (webtiles) character file.

39 iamserjio the Ducker (level 3, -1/19 HPs)
             Began as a Spriggan Monk on July 21, 2018.
             Slain by a kobold
             ... wielding a +0 short sword
              (5 damage)
             ... on level 2 of the Dungeon.
             The game lasted 00:03:06 (485 turns).

iamserjio the Ducker (Spriggan Monk)                 Turns: 485, Time: 00:03:07

Health: -1/19      AC:  2    Str:  7    XL:     3   Next: 28%
Magic:  4/4        EV: 21    Int: 12    God:
Gold:   29         SH:  0    Dex: 18    Spells: 2/2 levels left

rFire    . . .     SeeInvis +   d - +2 dagger (speed)
rCold    . . .     Gourm    .   (shield restricted)
rNeg     . . .     Faith    .   b - +0 robe
rPois    .         Spirit   .   (helmet restricted)
rElec    .         Reflect  .   (no cloak)
rCorr    .         Harm     .   (gloves unavailable)
MR       .....                  (boots unavailable)
Stlth    +++.......             (no amulet)
HPRegen  0.06/turn              (no ring)
MPRegen  0.09/turn              (no ring)

@: very quick
A: very small, unfitting armour, see invisible, herbivore, speed 3, slow
metabolism 2
a: no special abilities


You were on level 2 of the Dungeon.
You were not hungry.

You visited 1 branch of the dungeon, and saw 2 of its levels.

You collected 29 gold pieces.

Inventory:

Hand Weapons
 a - a +0 short sword
 d - a +2 dagger of speed (weapon)
Missiles
 i - 4 curare-tipped needles {!f}
Armour
 b - a +0 robe (worn)
Scrolls
 e - 2 scrolls of teleportation {unknown}
 f - a scroll of fog {unknown}
 g - a scroll of magic mapping {unknown}
 h - 2 scrolls of identify {unknown}
 k - a scroll of blinking {unknown}
 l - 2 scrolls of noise {unknown}
Potions
 j - 2 potions of might {unknown}
Comestibles
 c - a ration


   Skills:
 - Level 2.4 Fighting
 + Level 3.7 Short Blades
 + Level 5.0 Dodging
 * Level 4.7 Stealth


You had 2 spell levels left.
You didn't know any spells.
Your spell library was empty.

Dungeon Overview and Level Annotations

Branches:
Dungeon (2/15)

Altars:


Innate Abilities, Weirdness & Mutations

You are very small and have problems with some larger weapons.
You are too small for most types of armour.
You have supernaturally acute eyesight. (SInv)
You are a herbivore.
You cover ground extremely quickly.
You need to consume almost no food.


Message History

The kobold shouts!
You hit the bat.
The bat is moderately wounded.
The bat completely misses you.
You hit the bat.
You kill the bat!
You see here a scroll labeled LYONGU YTIDA MIA.
l - 2 scrolls labeled LYONGU YTIDA MIA (gained 1)
You closely miss the kobold. The kobold misses you.
You hit the kobold.
The kobold is heavily wounded.
You hit the kobold but do no damage.
The kobold is heavily wounded.
The kobold misses you.
You barely miss the kobold.
The kobold is heavily wounded.
You closely miss the kobold.
The kobold is heavily wounded.
The kobold hits you with a short sword.
You die...

#.# #.# ##.##
#...#
#########..##
........#.##
........#.#
.....)..#(#
......K@#.#
.....?....#
........###
........#
........#
........#
#########


You could see a kobold.

Vanquished Creatures
  A gnoll (D:2)
  An adder (D:2)
  3 dart slugs
  A leopard gecko (D:1)
  A giant cockroach (D:1)
  A goblin (D:1)
  4 bats
  2 frilled lizards
  A kobold (D:1)
  4 rats (D:1)
19 creatures vanquished.

Notes
Turn   | Place    | Note
-------+----------+-------------------------------------------
     0 | D:1      | iamserjio the Spriggan Monk began the quest for the Orb.
     0 | D:1      | Reached XP level 1. HP: 11/11 MP: 2/2
    69 | D:1      | Reached XP level 2. HP: 6/16 MP: 3/3
   277 | D:2      | Found a faded altar of an unknown god.
   425 | D:2      | Reached XP level 3. HP: 6/19 MP: 4/4
   441 | D:2      | Reached skill level 5 in Dodging
   485 | D:2      | Slain by a kobold

Vault maps used:
D:1:      dpeg_arrival_erosion
D:2:      chequers_ecumenical_altar_simple_redux

Skill      XL: |  1  2  3 |
---------------+----------+-----
Stealth        | 4 |  4.7
Dodging        | 5 |  5.0
Fighting       | |  2.4
Short Blades   | |  3.7

Action                   || total
-------------------------++-------
Melee: Short sword       ||    13
       Dagger            ||    68
 Stab: Sleeping          ||     5
Armor: Robe              ||     4
Dodge: Dodged            ||    50

Table legend:
 A = Spawn XP
 B = Non-spawn XP
 C = Spawn XP percentage of total XP
 D = Spawn monster count
 E = Non-spawn monster count
 F = Spawn count percentage of total count
 G = Total turns spent on level
                    A         B        C        D         E        F      G
               +---------+---------+-------+---------+---------+-------+---------
         Total |       0 |      57 |   0.0 |       0 |      19 |   0.0 |   485
               +---------+---------+-------+---------+---------+-------+---------
           D:1 |       0 |      23 |   0.0 |       0 |      13 |   0.0 |   282
           D:2 |       0 |      34 |   0.0 |       0 |       6 |   0.0 |   203
               +---------+---------+-------+---------+---------+-------+---------
